Unix NetHack Version 5.0.0-0 post-release - last build Jun 10 2026 00:39:30 (3ee93aec679c4c4259841fe613dc97188e26a321,branch:main).

Game began 2026-06-14 01:40:47, ended 2026-06-14 02:31:24.

Felix1, neutral male human Barbarian

                          ----------
   -----                  |........|     -----
   |!%)|                  |........|     |....###`########
   |[%!|                  |[).......#    ....|# ####----|-.--
   |+=!|                  ---.--.---#    |...|###  #|........#
   |?..|                       `#   #    -----# #   |.......|##
   ---|-                        ######   ###### # ##...._...| #
      #                    ######   ###   #     # # |.......| #     ---------
      ##                   #        ##    ##    ####......`.| #     |.......|
       #                 ###    #####      ###    # --------- ######-.......|
       #        ---------.----- #   ###------|--###                 |.......|
       #        |.............| #     #|..>e....#                   ---------
       ##       |.............|##     #|..@Z...|
        #     ##..............|       #........|
        #     # ---------------        |.......|
     ---|-    #                        |.......|
     |{<.-#####                        ---------
     |...|
     -----

Felix1 the Pillager        St:18/09 Dx:18 Co:18 In:7 Wi:6 Ch:9  Neutral
Dlvl:5  $:0  HP:0(63) Pw:13(13) AC:6  Xp:5 T:3878  Hungry   Burdened

Latest messages:
 The leprechaun appears close by!
 The leprechaun picks up 7 gold pieces.
 You hear the footsteps of a guard on patrol.
 You swap places with the peaceful pony.
 You kill the floating eye!
 You see here a floating eye corpse.
 There is a floating eye corpse here; eat it? [ynq] (n) y
 This floating eye corpse is fatty.
 You finish eating the floating eye corpse.
 You smite the leprechaun!
 The leprechaun wakes up!
 The leprechaun screams!
 The leprechaun hits!
 Your purse feels lighter.
 The leprechaun vanishes!
 You smite the floating eye!
 You are frozen by the floating eye's gaze!
 You hear the footsteps of a guard on patrol.
 You hear the footsteps of a guard on patrol.
 The leprechaun hits!
 Your purse feels lighter.
 The leprechaun vanishes and reappears close by.
 You hear the chime of a cash register.
 You can move again.
 You smite the floating eye!
 You are frozen by the floating eye's gaze!
 You are beginning to feel hungry.
 The leprechaun hits!
 Your purse feels lighter.
 The leprechaun vanishes!
 The elf zombie hits!
 You hear the footsteps of a guard on patrol.
 The elf zombie hits!
 The elf zombie hits!
 The elf zombie hits!
 The elf zombie hits!
 The elf zombie hits!
 The elf zombie hits!
 The elf zombie hits!
 The elf zombie hits!
 The elf zombie hits!
 The elf zombie hits!
 The elf zombie hits!
 The elf zombie hits!
 The elf zombie hits!
 The elf zombie hits!
 The elf zombie hits!
 You die...
 Tuktoyaktuk comes and takes all your possessions.
 Do you want to see what you had when you died? [ynq] (y) q

Inventory:
 Weapons  (')')
  e - 12 +0 arrows
  s - 4 cursed -1 darts
  p - 8 +0 shuriken
  y - a +0 dagger
  u - a rusty +0 orcish dagger
  a - a blessed +0 battle-axe (weapon in hands)
  D - a cursed +1 quarterstaff
  b - a blessed +0 short sword (alternate weapon; not wielded)
 Armor    ('[')
  n - an uncursed +0 orcish helm (being worn)
  E - a cursed +0 cloak of magic resistance
  c - an uncursed +0 ring mail (being worn)
 Comestibles  ('%')
  j - an uncursed cram ration
  d - 5 uncursed food rations
  i - an uncursed homemade tin of lichen
 Spellbooks  ('+')
  K - a cursed spellbook of confuse monster
  L - a cursed spellbook of extra healing
  J - a cursed spellbook of force bolt
 Potions  ('!')
  P - 3 cursed potions of healing
  M - an uncursed potion of invisibility
  f - a cursed potion of monster detection
  x - an uncursed potion of restore ability
  O - a cursed potion of restore ability
  Q - a cursed potion of sickness
  g - an uncursed potion of speed
  N - a cursed potion of speed
 Rings    ('=')
  A - an uncursed ring of cold resistance
  l - an uncursed ring of slow digestion
  w - an uncursed ring of slow digestion
  q - an uncursed ring of teleport control
 Wands    ('/')
  v - a wand of speed monster (0:5)
  U - a cursed wand of striking (0:4)
 Tools    ('(')
  V - a cursed bugle
  W - a cursed magic marker (0:20)
 Gems/Stones  ('*')
  r - 2 uncursed worthless pieces of yellow glass
  X - an uncursed flint stone
  o - an uncursed luckstone

Felix1 the Barbarian's attributes:

Background:
 You were a Pillager, a level 5 male human Barbarian.
 You were neutral, on a mission for Crom
 who was opposed by Mitra (lawful) and Set (chaotic).
 You were right-handed.
 You were in the Dungeons of Doom, on level 5.
 You entered the dungeon 3878 turns ago.
 It was nighttime.
 There was a new moon in effect when your adventure ended.
 You had 283 experience points, 37 more were needed to attain level 6.

Basics:
 You had 0 out of 63 hit points.
 You had all 13 energy points (spell power).
 Your armor class was 6.
 Your wallet was empty.
 Autopickup was off.

Final Characteristics:
 Your strength was 18/09 (limit:18/100).
 Your dexterity was 18 (limit:18).
 Your constitution was 18 (limit:18).
 Your intelligence was 7 (limit:18).
 Your wisdom was 6 (peak:7, limit:18).
 Your charisma was 9 (limit:18).

Final Status:
 You were hungry.
 You were burdened; movement was slightly slowed.
 You were wielding an axe.
 You had basic skill with axe and could have enhanced that.

Final Attributes:
 You were piously aligned.
 You were poison resistant.
 You were telepathic.
 You were warded.
 You were lucky.
 You had extra luck.
 Bad luck did not time out for you.
 Good luck did not time out for you.
 You are dead.

Miscellaneous:
 You encountered 1 bones level.
 Total elapsed playing time was 50 minutes and 36 seconds.

Major events:
 Turn
    1: Felix1 the neutral male human Barbarian entered the dungeon
 1006: entered the Gnomish Mines
 1037: attained the rank of Pillager (level 3)
 3878: killed by an elf zombie, while frozen by a floating eye's gaze

You didn't know any spells.

Skills:
 Fighting Skills
   bare handed combat [Basic]
   two weapon combat  [Unskilled]
   riding             [Unskilled]
 Weapon Skills
   dagger             [Unskilled]
   axe                [Basic]
   pick-axe           [Unskilled]
   short sword        [Basic]
   broadsword         [Unskilled]
   long sword         [Unskilled]
   two-handed sword   [Unskilled]
   saber              [Unskilled]
   club               [Unskilled]
   mace               [Unskilled]
   morning star       [Unskilled]
   flail              [Unskilled]
   hammer             [Unskilled]
   quarterstaff       [Unskilled]
   spear              [Unskilled]
   trident            [Unskilled]
   bow                [Unskilled]
 Spellcasting Skills
   attack spells      [Unskilled]
   escape spells      [Unskilled]

Voluntary challenges:
 Character rerolling was not enabled.
 You were illiterate.
 You never genocided any monsters.
 You never polymorphed an object.
 You never changed form.
 You used no wishes.
Achievements:
 You entered a shop.
 You entered the Gnomish Mines.
 You attained the rank of Pillager.

 The Dungeons of Doom: levels 1 to 5
    Level 1:
    Level 2:
       A general store, a fountain.
       Stairs down to The Gnomish Mines.
    Level 3:
       An altar, a fountain.
    Level 4:
       A ring shop, some fountains.
       Final resting place for
          LJY0408-Wiz-Elf-Fem-Cha, killed by a coyote.
    Level 5: <- You were here.
       A general store, an altar, some fountains.
       Final resting place for
          you, killed by an elf zombie, while frozen by a floating eye's gaze.
 The Gnomish Mines:
    Level 3:


Vanquished creatures:
  a ghost
  a yellow light
  a violet fungus
  a gnomish wizard
  a kobold mummy
  a giant ant
  2 floating eyes
  a kitten
  2 dwarves
  a homunculus
  a rothe
  a werejackal
  3 iguanas
  a coyote
  3 hobbits
  2 giant rats
  a cave spider
  a brown mold
  a yellow mold
  3 gnomes
  a gnome zombie
  4 geckos
  7 jackals
  a kobold
  5 goblins
  2 sewer rats
  6 grid bugs
  3 lichens
  a kobold zombie
  8 newts
67 creatures vanquished.

No species were genocided or became extinct.

Game over:
                       ----------
                      /          \
                     /    REST    \
                    /      IN      \
                   /     PEACE      \
                  /                  \
                  |      Felix1      |
                  |       0 Au       |
                  | killed by an elf |
                  |      zombie      |
                  |                  |
                  |                  |
                  |       2026       |
                 *|     *  *  *      | *
        _________)/\\_//(\/(/\)/\//\/|_)_______

Goodbye Felix1 the Barbarian...

You died in The Dungeons of Doom on dungeon level 5 with 1332 points,
and 0 pieces of gold, after 3878 moves.
You were level 5 with a maximum of 63 hit points when you died.

